 Dungeon Sprint DCSS version 0.30.1-11-g7821555f0a (webtiles) character file.

Game seed: 11856070462159072572

149 Groucho the Grasshopper (level 5, -2/46 HPs)
             Began as a Gnoll Warper on Jan 1, 2024.
             Succumbed to a scorpion's poison
             ... in the Dungeon (Sprint IX: "|||||||||||||||||||||||||||||").
             The game lasted 00:00:45 (245 turns).

Groucho the Grasshopper (Gnoll Warper)               Turns: 245, Time: 00:00:45

Health: -2/46      AC:  3    Str: 10    XL:     5   Next: 31%
Magic:  13/13      EV: 13    Int: 14    God:
Gold:   0          SH:  0    Dex: 12    Spells: 16/16 levels left

rFire   . . .        a - +0 hand axe
rCold   . . .        (no shield)
rNeg    . . .        b - +0 leather armour
rPois   .            (no helmet)
rElec   .            (no cloak)
rCorr   .            (no gloves)
SInv    .            (no boots)
Will    .....        (no amulet)
Stlth   ++           (no ring)
HPRegen 0.27/turn    (no ring)
MPRegen 0.13/turn

%: no teleportation
@: lethally poisoned (-2 -> -16), on berserk cooldown, slowed, very slow
A: fangs 1, strong nose, distributed training
a: no special abilities


You were in the Dungeon.
You visited 1 branch

Inventory:

Hand Weapons
 a - a +0 hand axe (weapon)
Missiles
 d - 7 boomerangs of dispersal (quivered)
Armour
 b - a +0 leather armour (worn)
Scrolls
 c - 2 scrolls of blinking
Potions
 g - a potion of haste
 h - 2 potions of magic


   Skills:
 + Level 5.9 Fighting
 + Level 3.5 Short Blades
 + Level 3.5 Long Blades
 + Level 5.9 Axes
 + Level 3.5 Maces & Flails
 + Level 3.5 Polearms
 + Level 3.5 Staves
 + Level 3.5 Ranged Weapons
 + Level 4.4 Throwing
 + Level 4.4 Armour
 + Level 5.9 Dodging
 + Level 3.5 Stealth
 + Level 3.5 Shields
 + Level 3.5 Unarmed Combat
 + Level 6.2 Spellcasting
 + Level 2.9 Conjurations
 + Level 2.9 Hexes
 + Level 2.9 Summonings
 + Level 2.9 Necromancy
 + Level 6.2 Translocations
 + Level 2.9 Transmutations
 + Level 2.9 Fire Magic
 + Level 2.9 Ice Magic
 + Level 2.9 Air Magic
 + Level 2.9 Earth Magic
 + Level 2.9 Poison Magic
 + Level 3.9 Invocations
 + Level 3.5 Evocations


You had 16 spell levels left.
You didn't know any spells.
Your spell library contained the following spells:

 Spells                   Type           Power      Damage    Failure   Level
 Blink                    Tloc           42%        N/A       2%          2
 Lesser Beckoning         Tloc           42%        N/A       2%          2
 Teleport Other           Tloc           21%        N/A       4%          3
 Vhi's Electric Charge    Tloc/Air       34%        N/A       9%          3
 Manifold Assault         Tloc           21%        N/A       16%         4


Dungeon Overview and Level Annotations

Branches:
Dungeon (1/1)

Altars:


Innate Abilities, Weirdness & Mutations

You have very sharp teeth.
Your uncanny sense of smell can sniff out nearby items.
Your experience applies equally to all skills.


Message History

The scorpion is lightly wounded.
The scorpion stings you. The scorpion closely misses you.
You hit the scorpion.
The scorpion is moderately wounded.
The scorpion stings you.
You are poisoned.
The scorpion poisons you! The scorpion stings you.
You are more poisoned.
The scorpion poisons you!
Unknown command.
You hit the scorpion but do no damage.
The scorpion is moderately wounded.
You feel very sick.
The scorpion stings you but does no damage.
The scorpion closely misses you.
Unknown command.
Unknown command.
* * * LOW HITPOINT WARNING * * *
You feel very sick. The scorpion stings you.
* * * LOW HITPOINT WARNING * * *
There is an open door, spattered with blood here.
Okay, then.
Okay, then.
Okay, then.
You barely miss the scorpion.
The scorpion is moderately wounded.
* * * LOW HITPOINT WARNING * * *
You feel very sick. The scorpion barely misses you.
You closely miss the scorpion. You punch the scorpion.
The scorpion is heavily wounded.
* * * LOW HITPOINT WARNING * * *
You feel sick. The scorpion stings you.
* * * LOW HITPOINT WARNING * * *
You are more poisoned.
The scorpion poisons you! The scorpion misses you.
You hit the scorpion but do no damage.
The scorpion is heavily wounded.
You die...

▓.▓
▓.▓
▓'▓
▓)▓
▓.▓
▓.▓
∆
▓.▓
∆
▓.▓
∆
▓@▓
∆
▓s▓
∆
▓)▓
∆
▓.▓
∆
▓.▓
∆
▓.▓
∆
▓+▓
∆ ∆


You could see a scorpion.

Vanquished Creatures
  A phantom (D)
  A scorpion (D)
  An adder (D)
  An orc (D)
  A bat (D)
  An endoplasm (D)
  2 goblins (D)
  A rat (D)
9 creatures vanquished.

Notes
Turn   | Place    | Note
-------+----------+-------------------------------------------
     0 | D        | Groucho the Gnoll Warper began the quest for the Orb.
     0 | D        | Reached XP level 1. HP: 20/20 MP: 6/6
    22 | D        | Reached skill level 5 in Spellcasting
    23 | D        | Reached skill level 1 in Invocations
    26 | D        | Reached skill level 1 in Short Blades
    26 | D        | Reached skill level 1 in Long Blades
    26 | D        | Reached skill level 1 in Maces & Flails
    26 | D        | Reached skill level 1 in Polearms
    26 | D        | Reached skill level 1 in Staves
    26 | D        | Reached skill level 1 in Ranged Weapons
    26 | D        | Reached skill level 1 in Stealth
    26 | D        | Reached skill level 1 in Shields
    26 | D        | Reached skill level 1 in Unarmed Combat
    26 | D        | Reached skill level 1 in Evocations
   214 | D        | Noticed a phantom
   214 | D        | Noticed a scorpion
   214 | D        | Noticed a scorpion
   223 | D        | Reached skill level 1 in Conjurations
   223 | D        | Reached skill level 1 in Hexes
   223 | D        | Reached skill level 1 in Summonings
   223 | D        | Reached skill level 1 in Necromancy
   223 | D        | Reached skill level 1 in Transmutations
   223 | D        | Reached skill level 1 in Fire Magic
   223 | D        | Reached skill level 1 in Ice Magic
   223 | D        | Reached skill level 1 in Air Magic
   223 | D        | Reached skill level 1 in Earth Magic
   223 | D        | Reached skill level 1 in Poison Magic
   223 | D        | Reached XP level 2. HP: 26/26 MP: 8/8
   225 | D        | Killed a phantom
   226 | D        | Reached skill level 5 in Fighting
   226 | D        | Reached skill level 5 in Axes
   226 | D        | Reached skill level 5 in Dodging
   226 | D        | Reached XP level 3. HP: 33/33 MP: 10/10
   226 | D        | Reached XP level 4. HP: 39/39 MP: 11/11
   232 | D        | Killed a scorpion
   233 | D        | Reached XP level 5. HP: 46/46 MP: 11/13
   244 | D        | HP: 2/46 [scorpion (1)]
   245 | D        | Succumbed to a scorpion's poison

Illustrated notes

Levels and vault maps discovered:
D:        linesprint [early_d, line_temple, items_1, d_10, items_2, lair_1,
          lair_end, items_3, orc_1, orc_end, items_4, d_15, swamp_1, shoals_1,
          snake_1, spider_1, d_20, vaults_1, items_5, swamp_end, shoals_end,
          snake_end, spider_end, vaults_end, d_27, items_6, zot_1, zot_end,
          crypt_end, forest_end, elf_end, slime_end, tomb_end, abyss_end,
          pan_hell_end]

Skill      XL: |  1  2  3  4 |
---------------+-------------+-----
Spellcasting   | 5 6 |  6.2
Invocations    | 1 3 |  3.9
Short Blades   | 1 2 3 |  3.5
Long Blades    | 1 2 3 |  3.5
Maces & Flails | 1 2 3 |  3.5
Polearms       | 1 2 3 |  3.5
Staves         | 1 2 3 |  3.5
Ranged Weapons | 1 2 3 |  3.5
Stealth        | 1 2 3 |  3.5
Shields        | 1 2 3 |  3.5
Unarmed Combat | 1 2 3 |  3.5
Evocations     | 1 2 3 |  3.5
Conjurations   | 1 2 |  2.9
Hexes          | 1 2 |  2.9
Summonings     | 1 2 |  2.9
Necromancy     | 1 2 |  2.9
Transmutations | 1 2 |  2.9
Fire Magic     | 1 2 |  2.9
Ice Magic      | 1 2 |  2.9
Air Magic      | 1 2 |  2.9
Earth Magic    | 1 2 |  2.9
Poison Magic   | 1 2 |  2.9
Fighting       | 5 |  5.9
Axes           | 5 |  5.9
Throwing       | 3 4 |  4.4
Armour         | 3 4 |  4.4
Dodging        | 5 |  5.9
Translocations | 6 |  6.2

Action                     |  1- 3 |  4- 6 || total
---------------------------+-------+-------++-------
  Melee: Hand axe          |    28 |    17 ||    45
         Bite              |     1 |     3 ||     4
         Punch             |       |     1 ||     1
    Use: Potion            |     2 |     1 ||     3
   Stab: Sleeping          |     1 |       ||     1
 Armour: Leather armour    |    10 |     1 ||    11
  Dodge: Dodged            |    20 |    10 ||    30
